 Dungeon Crawl Stone Soup version 0.26.0-45-g9c1d065592 (webtiles) character file.

Game seed: 7466889201528664728

4246 sahdkjhfkaj the Frost Mage (level 10, -4/74 HPs)
             Began as a Gnoll Ice Elementalist on Jan 28, 2021.
             Was a High Priest of Cheibriados.
             Slain by a two-headed ogre
             ... wielding a +0 giant spiked club
              (12 damage)
             ... on level 8 of the Dungeon.
             The game lasted 00:13:04 (9712 turns).

sahdkjhfkaj the Frost Mage (Gnoll Ice Elementalist) Turns: 9712, Time: 00:13:05

Health: -4/74      AC: 13    Str: 22      XL:     10   Next: 30%
Magic:  16/20      EV: 18    Int: 32      God:    Cheibriados [*****.]
Gold:   543        SH:  0    Dex: 23 (26) Spells: 8/23 levels left

rFire    . . .     SeeInvis .   a - +7 whip of the Puffin {drain, +Inv rN+ Will++}
rCold    . . .     Faith    .   (no shield)
rNeg     + + .     Spirit   .   o - +1 robe
rPois    .         Reflect  .   (no helmet)
rElec    .         Harm     .   (no cloak)
rCorr    .         Rampage  .   (no gloves)
Will     ++...                  (no boots)
Stlth    ++++......             i - amulet of magic regeneration
HPRegen  0.22/turn              r - ring of positive energy
MPRegen  0.42/turn              (no ring)

@: icy armour, frozen ramparts, very slow
A: distributed training, fangs 1, strong nose
a: Renounce Religion, Evoke Invisibility, Bend Time, Temporal Distortion,
Slouch, Step From Time


You were on level 8 of the Dungeon.
You worshipped Cheibriados.
Cheibriados was extremely pleased with you.
You visited 1 branch of the dungeon, and saw 8 of its levels.

You collected 543 gold pieces.

Inventory:

Hand Weapons
 a - the +7 whip of the Puffin (weapon) {drain, +Inv rN+ Will++}
   (You took it off a big kobold on level 3 of the Dungeon)

   A truly terrible weapon, it drains the life of those it strikes.
   It protects you from negative energy.
   It affects your willpower, your defense against some magical effects.
   It lets you turn invisible.
Armour
 o - a +1 robe (worn)
Jewellery
 b - an uncursed amulet of guardian spirit {unknown}
 i - an amulet of magic regeneration (around neck)
 r - a ring of positive energy (left hand)
 t - the amulet of Ecoxopio {Reflect *Contam rF+++ rC- Will+++ SH+5}
   (You found it on level 5 of the Dungeon)

   [amulet of reflection]

   It shields you and reflects attacks.
   It renders you almost immune to fire.
   It makes you vulnerable to cold.
   It affects your willpower, your defense against some magical effects.
   It causes magical contamination when unequipped.
   It affects your SH (+5).
Wands
 n - a wand of acid (8)
 p - a wand of paralysis (6)
 s - a wand of random effects (33)
Scrolls
 c - 2 scrolls of magic mapping {unknown}
 f - a scroll of remove curse {unknown}
 g - 4 scrolls of teleportation {!r}
 h - a scroll of blinking
 m - 4 scrolls of enchant armour
 q - a scroll of amnesia {unknown}
 u - 2 scrolls of enchant weapon
 A - a scroll of fog {unknown}
Potions
 d - 3 potions of flight
 e - 2 potions of brilliance
 j - 2 potions of berserk rage {unknown}
 k - a potion of lignification {unknown}
 l - 2 potions of mutation {unknown}
 v - a potion of degeneration {unknown}
 w - a potion of haste {unknown}
 x - a potion of resistance {unknown}
 y - a potion of cancellation {unknown}
 z - a potion of curing
 B - a potion of ambrosia {unknown}


   Skills:
 + Level 5.1 Fighting
 + Level 5.1 Short Blades
 + Level 5.1 Long Blades
 + Level 5.1 Axes
 + Level 5.1 Maces & Flails
 + Level 5.1 Polearms
 + Level 5.1 Staves
 + Level 5.1 Slings
 + Level 5.1 Bows
 + Level 5.1 Crossbows
 + Level 5.1 Throwing
 + Level 5.1 Armour
 + Level 7.0 Dodging
 + Level 6.7 Stealth
 + Level 5.1 Shields
 + Level 5.1 Unarmed Combat
 + Level 7.2 Spellcasting
 + Level 4.2 Conjurations
 + Level 4.2 Hexes
 + Level 4.2 Summonings
 + Level 4.2 Necromancy
 + Level 4.2 Translocations
 + Level 4.2 Transmutations
 + Level 4.2 Fire Magic
 + Level 8.4 Ice Magic
 + Level 4.2 Air Magic
 + Level 4.2 Earth Magic
 + Level 4.2 Poison Magic
 + Level 5.6 Invocations
 + Level 5.1 Evocations


You had 8 spell levels left.
You knew the following spells:

 Your Spells              Type           Power        Failure   Level
a - Freeze                Ice            100%         1%          1
e - Frozen Ramparts       Ice            100%         1%          3
o - Ozocubu's Armour      Ice            60%          1%          3
q - Hailstorm             Conj/Ice       51%          3%          4
s - Summon Ice Beast      Ice/Summ       51%          3%          4

Your spell library contained the following spells:

 Spells                   Type           Power        Failure   Level
 Summon Small Mammal      Summ           100%         1%          1
 Call Imp                 Summ           38%          1%          2
 Call Canine Familiar     Summ           38%          1%          3
 Summon Guardian Golem    Hex/Summ       38%          1%          3
 Summon Lightning Spire   Summ/Air       38%          7%          4
 Bolt of Magma            Conj/Fire/Erth 19%          19%         5
 Iskenderun's Battlesphe  Conj           38%          19%         5
 Iron Shot                Conj/Erth      19%          71%         6
 Orb of Destruction       Conj           19%          99%         7
 Spellforged Servitor     Conj/Summ      19%          99%         7


Dungeon Overview and Level Annotations

Branches:
Dungeon (8/15)             Temple (0/1) D:5
   Lair: D:8-11

Altars:
Ashenzari
Cheibriados
Fedhas
Nemelex Xobeh
Trog
Xom
Zin

Shops:
D:4 *

Annotations:
D:7 2 transporters, thiole's ghost, novice OpWz


Innate Abilities, Weirdness & Mutations

Your experience applies equally to all skills.
You have very sharp teeth.
Your uncanny sense of smell can sniff out nearby items.


Message History

The two-headed ogre resists with some effort.
Evoke which item? (* to show all) (? for menu, Esc to quit)
You don't have any such object.
Evoke which item? (* to show all) (? for menu, Esc to quit)
Aiming: Paralyse
Press: ? - help, Shift-Dir - straight line, f/p - two-headed ogre
Aim: a two-headed ogre, wielding a +0 giant spiked club and a +0 giant club (lightly wounded, chance to affect: 44%)
The two-headed ogre resists with some effort.
The wall freezes the two-headed ogre!
The two-headed ogre hits you with a +0 giant spiked club!!
* * * LOW HITPOINT WARNING * * *
The two-headed ogre barely misses you.
Evoke which item? (* to show all) (? for menu, Esc to quit)
Aiming: Paralyse
Press: ? - help, Shift-Dir - straight line, f/p - two-headed ogre
Aim: a two-headed ogre, wielding a +0 giant spiked club and a +0 giant club (moderately wounded, chance to affect: 44%)
The two-headed ogre resists with some effort.
The wall freezes the two-headed ogre.
The two-headed ogre misses you.
The two-headed ogre hits you with a +0 giant club!
You die...

#....#....####.....
#.###...##.#....####.#..#
##.....#....#............#
###.......#.................
...........................#
............................
...........#######..........
##.........######...........
..........O@.#.............#
#).........................#
##.........###.....>........
#.........# #..............
#...<.....# #..............
#...[.....# #.....########.
#.........# #.....# #.
##.......## #.....# #.
####### #.


You could see a two-headed ogre.

Vanquished Creatures
  Sigmund (D:6)
  6 yaks (D:6)
  Duvessa (D:6)
  An orc warrior (D:8)
  2 black bears (D:6)
  A phantom (D:5)
  3 sky beasts
  5 ogres
  A centaur (D:5)
  Blork the orc (D:4)
  2 big kobolds (D:3)
  6 bullfrogs
  Dowan (D:6)
  A water moccasin skeleton (D:8)
  A scorpion (D:6)
  A howler monkey (D:4)
  2 jellies
  The ghost of Strat the Sneak, a weakling VSEn (D:3)
  4 orc priests
  A bullfrog skeleton (D:6)
  2 hounds
  9 orc wizards
  An iguana (D:7)
  Natasha (twice) (D:4)
  8 worker ants
  A hound skeleton (D:5)
  A howler monkey skeleton (D:8)
  4 gnolls
  10 adders
  3 white imps
  2 ufetubi
  An ooze (D:3)
  An adder zombie (D:5)
  An adder skeleton (D:8)
  A worm (D:3)
  4 dart slugs
  6 leopard geckos
  45 orcs
  10 bats
  4 giant cockroaches
  7 goblins
  6 hobgoblins
  16 jackals
  15 kobolds
  3 quokkas
  2 ball pythons
  4 frilled lizards
  A giant cockroach zombie (D:5)
  A leopard gecko skeleton (D:4)
  6 rats
219 creatures vanquished.

Vanquished Creatures (collateral kills)
  A quasit (D:7)
  A worker ant (D:5)
2 creatures vanquished.

Vanquished Creatures (others)
  2 fungi
  7 plants
9 creatures vanquished.

Grand Total: 230 creatures vanquished

Notes
Turn   | Place    | Note
-------+----------+-------------------------------------------
     0 | D:1      | sahdkjhfkaj the Gnoll Ice Elementalist began the quest for
                  | the Orb.
     0 | D:1      | Reached XP level 1. HP: 13/13 MP: 6/6
   377 | D:1      | Reached XP level 2. HP: 10/19 MP: 5/7
   679 | D:1      | Reached XP level 3. HP: 13/25 MP: 1/9
   884 | D:1      | Reached skill level 5 in Spellcasting
  1171 | D:1      | Reached skill level 1 in Invocations
  1639 | D:2      | Found a glowing silver altar of Zin.
  1810 | D:2      | Found a broken altar of Ashenzari.
  1923 | D:2      | You fall into a shaft and drop 1 floor!
  1934 | D:3      | Reached skill level 1 in Fighting
  1934 | D:3      | Reached skill level 1 in Short Blades
  1934 | D:3      | Reached skill level 1 in Long Blades
  1934 | D:3      | Reached skill level 1 in Axes
  1934 | D:3      | Reached skill level 1 in Maces & Flails
  1934 | D:3      | Reached skill level 1 in Polearms
  1934 | D:3      | Reached skill level 1 in Staves
  1934 | D:3      | Reached skill level 1 in Slings
  1934 | D:3      | Reached skill level 1 in Bows
  1934 | D:3      | Reached skill level 1 in Crossbows
  1934 | D:3      | Reached skill level 1 in Throwing
  1934 | D:3      | Reached skill level 1 in Armour
  1934 | D:3      | Reached skill level 1 in Shields
  1934 | D:3      | Reached skill level 1 in Unarmed Combat
  1934 | D:3      | Reached skill level 1 in Evocations
  2357 | D:2      | Reached XP level 4. HP: 32/32 MP: 9/11
  2941 | D:3      | Reached skill level 1 in Conjurations
  2941 | D:3      | Reached skill level 1 in Hexes
  2941 | D:3      | Reached skill level 1 in Summonings
  2941 | D:3      | Reached skill level 1 in Necromancy
  2941 | D:3      | Reached skill level 1 in Translocations
  2941 | D:3      | Reached skill level 1 in Transmutations
  2941 | D:3      | Reached skill level 1 in Fire Magic
  2941 | D:3      | Reached skill level 1 in Air Magic
  2941 | D:3      | Reached skill level 1 in Earth Magic
  2941 | D:3      | Reached skill level 1 in Poison Magic
  3264 | D:3      | Found a shimmering altar of Xom.
  3325 | D:3      | Found a runed translucent gate.
  3326 | D:3      | Found a runed translucent gate.
  3326 | D:3      | Noticed a big kobold
  3326 | D:3      | Noticed Strat's ghost (weakling VSEn)
  3331 | D:3      | Found a runed translucent gate.
  3332 | D:3      | Identified the +7 whip of the Puffin {drain, +Inv rN+
                  | Will++}
  3332 | D:3      | Noticed a big kobold
  3445 | D:3      | Learned a level 3 spell: Frozen Ramparts
  3449 | D:3      | Learned a level 3 spell: Ozocubu's Armour
  3505 | D:3      | Found a snail-covered altar of Cheibriados.
  3516 | D:3      | Became a worshipper of Cheibriados the Contemplative
  3522 | D:3      | Learned a level 4 spell: Summon Ice Beast
  3624 | D:3      | Reached XP level 5. HP: 37/37 MP: 10/12
  3840 | D:3      | Killed Strat's ghost
  3848 | D:3      | Killed a big kobold
  3849 | D:3      | Reached XP level 6. HP: 42/44 MP: 0/13
  4098 | D:3      | Reached skill level 5 in Dodging
  4415 | D:3      | Found a shimmering altar of Xom.
  4618 | D:3      | Found a snail-covered altar of Cheibriados.
  4831 | D:4      | Found Qait's Assorted Antiques.
  4835 | D:4      | Reached * piety under Cheibriados
  4970 | D:4      | Reached XP level 7. HP: 50/50 MP: 10/15
  5239 | D:4      | Noticed Natasha
  5246 | D:4      | Killed Natasha
  5297 | D:4      | Reached skill level 5 in Stealth
  5484 | D:4      | Noticed Natasha
  5487 | D:4      | Killed Natasha
  5545 | D:4      | Noticed Blork the orc
  5556 | D:4      | Killed Blork the orc
  5852 | D:5      | Entered Level 5 of the Dungeon
  5857 | D:5      | Reached ** piety under Cheibriados
  5858 | D:5      | Reached XP level 8. HP: 54/57 MP: 16/16
  5986 | D:5      | Found a staircase to the Ecumenical Temple.
  6064 | D:5      | Got a glittering steel amulet
  6075 | D:5      | Identified the amulet of Ecoxopio {Reflect *Contam rF+++
                  | rC- Will+++ SH+5} (You found it on level 5 of the Dungeon)
  6629 | D:5      | Found a blossoming altar of Fedhas.
  7057 | D:6      | Reached *** piety under Cheibriados
  7062 | D:6      | Noticed a yak
  7064 | D:6      | Noticed a yak
  7064 | D:6      | Noticed a yak
  7065 | D:6      | Noticed a yak
  7066 | D:6      | Noticed a yak
  7066 | D:6      | Noticed a yak
  7164 | D:6      | Noticed Sigmund
  7175 | D:6      | Killed Sigmund
  7176 | D:6      | Reached XP level 9. HP: 23/65 MP: 5/18
  7389 | D:6      | Found a bloodstained altar of Trog.
  7390 | D:6      | Noticed Dowan
  7395 | D:6      | Noticed Duvessa
  7405 | D:6      | Reached skill level 8 in Ice Magic
  7406 | D:6      | Killed Duvessa
  7766 | D:6      | Reached skill level 5 in Invocations
  7806 | D:6      | Killed Dowan
  7808 | D:6      | Reached **** piety under Cheibriados
  7980 | D:6      | Reached XP level 10. HP: 72/73 MP: 20/20
  8074 | D:6      | Found a sparkling altar of Nemelex Xobeh.
  8585 | D:7      | Found a transporter.
  8585 | D:7      | Noticed thiole's ghost (novice OpWz)
  8763 | D:7      | Learned a level 4 spell: Hailstorm
  8816 | D:7      | Found a transporter.
  8828 | D:7      | Reached skill level 5 in Fighting
  8828 | D:7      | Reached skill level 5 in Short Blades
  8828 | D:7      | Reached skill level 5 in Long Blades
  8828 | D:7      | Reached skill level 5 in Axes
  8828 | D:7      | Reached skill level 5 in Maces & Flails
  8828 | D:7      | Reached skill level 5 in Polearms
  8828 | D:7      | Reached skill level 5 in Staves
  8828 | D:7      | Reached skill level 5 in Slings
  8828 | D:7      | Reached skill level 5 in Bows
  8828 | D:7      | Reached skill level 5 in Crossbows
  8828 | D:7      | Reached skill level 5 in Throwing
  8828 | D:7      | Reached skill level 5 in Armour
  8828 | D:7      | Reached skill level 5 in Shields
  8828 | D:7      | Reached skill level 5 in Unarmed Combat
  8828 | D:7      | Reached skill level 5 in Evocations
  9223 | D:8      | Reached ***** piety under Cheibriados
  9698 | D:8      | Noticed a two-headed ogre
  9712 | D:8      | Slain by a two-headed ogre

Illustrated notes

Levels and vault maps discovered:
D:1:      minmay_arrival_arboretum_small, layout_loops_ring
D:2:      layout_loops_ring, lemuel_round_altar, nicolae_overflow_crystal_walls,
          serial_aquarium, aquarium_bridge_straight [aquarium_subvault_bridge,
          aquarium_subvault_balcony, aquarium_subvault_bridge,
          aquarium_subvault_window], aquarium_bridge_straight
          [aquarium_subvault_bridge, aquarium_subvault_wall,
          aquarium_subvault_bridge, aquarium_subvault_wall], aquarium_window_2,
          aquarium_window_corner, aquarium_view_2d, aquarium_view_2d,
          aquarium_balcony_5a, aquarium_pool_five,
          amcnicky_mini_corridor_feature, grunt_ministairs_11
D:3:      layout_loops_cross, general_overflow_altar,
          gammafunk_ghost_nasty_kobolds, kennysheep_slug_shrine
D:4:      layout_basic, serial_shops, shop, grunt_decor_junction, uniq_natasha,
          uniq_blork_the_orc
D:5:      layout_cave_pools, minmay_temple_entry_statues, fedhas_altar_3
D:6:      layout_cave_pools, basic_altar, nemelex_diamond_rough_becter,
          uniq_duvessa, uniq_sigmund
D:7:      layout_cave_pools, gammafunk_ghost_mausoleum
D:8:      layout_rooms

Skill      XL: |  1  2  3  4  5  6  7  8  9 10 |
---------------+-------------------------------+-----
Spellcasting   | 5 6 7 |  7.2
Invocations    | 1 2 3 4 5 |  5.6
Fighting       | 1 2 3 4 5 |  5.1
Short Blades   | 1 2 3 4 5 |  5.1
Long Blades    | 1 2 3 4 5 |  5.1
Axes           | 1 2 3 4 5 |  5.1
Maces & Flails | 1 2 3 4 5 |  5.1
Polearms       | 1 2 3 4 5 |  5.1
Staves         | 1 2 3 4 5 |  5.1
Slings         | 1 2 3 4 5 |  5.1
Bows           | 1 2 3 4 5 |  5.1
Crossbows      | 1 2 3 4 5 |  5.1
Throwing       | 1 2 3 4 5 |  5.1
Armour         | 1 2 3 4 5 |  5.1
Shields        | 1 2 3 4 5 |  5.1
Unarmed Combat | 1 2 3 4 5 |  5.1
Evocations     | 1 2 3 4 5 |  5.1
Conjurations   | 1 2 3 4 |  4.2
Hexes          | 1 2 3 4 |  4.2
Summonings     | 1 2 3 4 |  4.2
Necromancy     | 1 2 3 4 |  4.2
Translocations | 1 2 3 4 |  4.2
Transmutations | 1 2 3 4 |  4.2
Fire Magic     | 1 2 3 4 |  4.2
Air Magic      | 1 2 3 4 |  4.2
Earth Magic    | 1 2 3 4 |  4.2
Poison Magic   | 1 2 3 4 |  4.2
Dodging        | 5 6 7 |  7.0
Stealth        | 5 6 |  6.7
Ice Magic      | 8 |  8.4

Action                   |  1- 3 |  4- 6 |  7- 9 | 10-12 || total
-------------------------+-------+-------+-------+-------++-------
Melee: Unarmed           |    77 |    22 |       |       ||    99
       Bite              |    11 |     6 |    22 |    17 ||    56
       Whip              |       |     4 |   125 |    95 ||   224
       Punch             |       |       |     7 |     4 ||    11
 Cast: Freeze            |    45 |    55 |    25 |       ||   125
       Frozen Ramparts   |       |    10 |    20 |     8 ||    38
       Summon Ice Beast  |       |       |     6 |     2 ||     8
       Ozocubu's Armour  |       |       |     5 |     3 ||     8
Evoke: Wand              |       |       |       |     3 ||     3
  Use: Scroll            |     3 |     1 |     4 |     2 ||    10
       Potion            |       |       |     3 |       ||     3
 Stab: Sleeping          |     2 |     1 |     7 |     1 ||    11
       Distracted        |       |       |     3 |     1 ||     4
Armor: Robe              |    19 |    11 |    20 |     9 ||    59
Dodge: Dodged            |    83 |    67 |   141 |   151 ||   442
